 Dungeon Crawl Stone Soup version 0.27-a0-1158-gaa87e14f67 (webtiles) character file.

Game seed: 10011019901098110174

164 wafflestompin the Sneak (level 5, 0/24 HPs)
             Began as a Spriggan Enchanter on May 16, 2021.
             Slain by an adder (2 damage)
             ... on level 4 of the Dungeon.
             The game lasted 00:17:27 (4432 turns).

wafflestompin the Sneak (Spriggan Enchanter)        Turns: 4432, Time: 00:17:27

Health: 0/24       AC:  2    Str:  4    XL:     5   Next: 21%
Magic:  6/10       EV: 17    Int: 18    God:
Gold:   131        SH:  0    Dex: 15    Spells: 4/10 levels left

rFire    . . .     SeeInvis +   a - +1 dagger
rCold    . . .     Faith    .   (shield restricted)
rNeg     . . .     Spirit   .   b - +0 robe
rPois    .         Reflect  .   (helmet restricted)
rElec    .         Harm     .   (no cloak)
rCorr    .         Rampage  .   (gloves unavailable)
Will     .....                  (boots unavailable)
Stlth    ++++......             (no amulet)
HPRegen  0.08/turn              (no ring)
MPRegen  0.12/turn              (no ring)

@: very slightly contaminated, very quick
A: very small, no large weapons, unfitting armour, see invisible, speed 3
a: no special abilities


You were on level 4 of the Dungeon.
You visited 1 branch of the dungeon, and saw 4 of its levels.

You collected 131 gold pieces.

Inventory:

Hand Weapons
 a - a +1 dagger (weapon)
 e - a +0 dagger
 j - a +0 spear
 k - a +0 whip of distortion
 n - a +0 long sword
 o - a +0 falchion
Missiles
 d - 5 curare-tipped darts (quivered)
 i - 98 arrows
 l - 17 poisoned darts
Armour
 b - a +0 robe (worn)
Jewellery
 q - a ring of protection from fire
Wands
 s - a wand of iceblast (9)
Scrolls
 c - a scroll of acquirement {unknown}
 g - 2 scrolls of identify
 m - 2 scrolls of amnesia
 p - a scroll of holy word {unknown}
 t - a scroll of teleportation {unknown}
Potions
 f - a potion of ambrosia {unknown}
 h - a potion of degeneration {unknown}
 r - a potion of curing {unknown}
 u - a potion of attraction {unknown}
 v - a potion of resistance {unknown}


   Skills:
 * Level 2.5 Short Blades
 + Level 2.9 Dodging
 * Level 7.7 Stealth
 + Level 3.0 Spellcasting
 * Level 4.0 Hexes
 + Level 0.2 Ice Magic


You had 4 spell levels left.
You knew the following spells:

 Your Spells              Type           Power      Damage    Failure   Level
a - Corona                Hex            18%        N/A       3%          1
b - Ensorcelled Hibernat  Hex/Ice        20%        N/A       11%         2
c - Tukima's Dance        Hex            17%        N/A       10%         3

Your spell library contained the following spells:

 Spells                   Type           Power      Damage    Failure   Level
 Confusing Touch          Hex            17%        N/A       10%         3
 Magic Dart               Conj           8%         1d3       16%         1
 Dazzling Flash           Conj/Hex       20%        N/A       22%         3
 Searing Ray              Conj           4%         3d3       24%         2
 Fulminant Prism          Conj/Hex       5%         3d7       56%         4
 Iskenderun's Mystic Bla  Conj/Tloc      2%         2d3       85%         4


Dungeon Overview and Level Annotations

Branches:
Dungeon (4/15)
 Temple: D:4-7

Altars:
Fedhas
Vehumet


Innate Abilities, Weirdness & Mutations

You are very small and have problems with some larger weapons.
You are too small for most types of armour.
You have supernaturally acute eyesight. (SInv)
You cover ground extremely quickly. (Speed+++)


Message History

Found an escape hatch in the ceiling.
Found a hand crossbow.
Found 13 gold pieces.
You hit the adder.
The adder is moderately wounded.
The adder closely misses you.
You miss the adder.
The adder is moderately wounded.
The adder completely misses you.
Casting: Ensorcelled Hibernation (safe; 11% risk of failure)
Confirm with . or Enter, or press ? or * to list all spells.
Aiming: Ensorcelled Hibernation (safe; 11% risk of failure)
Press: ? - help, Shift-Dir - straight line, f - worm
Aim: a worm (chance to affect: 50%)
The worm resists with some effort.
The adder misses you. The adder bites you.
You hit the adder but do no damage.
The adder is moderately wounded.
The adder bites you.
You hit the adder.
The adder is heavily wounded.
The adder closely misses you.
Casting: Ensorcelled Hibernation (safe; 11% risk of failure)
Confirm with . or Enter, or press ? or * to list all spells.
Aiming: Ensorcelled Hibernation (safe; 11% risk of failure)
Press: ? - help, Shift-Dir - straight line, f/p - worm
Aim: a worm (chance to affect: 50%)
You miscast Ensorcelled Hibernation.
You are very lightly contaminated with residual magic.
Nothing appears to happen.
The adder bites you.
You are poisoned.
The adder poisons you! The worm bites you!
* * * LOW HITPOINT WARNING * * *
You feel sick.
You feel sick.
You feel sick.
You feel sick.
You feel sick.
You are no longer poisoned.
The adder bites you.
You die...

# #.#..# # # #<#.#..#
.##.# .# #......##.....
♣♣.♣ #..#.........#
♣≈≈♣ #............ ♣.≈♣
##.##w#####.# ♣≈≈♣♣
#.##.#####♣♣♣♣♣P≈P♣ ♣♣
#....S....≈P♣.≈≈..♣♣♣♣≈
####..@.....≈≈.≈≈≈.≈...
#######P♣≈♣♣.≈.♣PPPP
#♣♣♣♣♣♣..♣ ♣♣♣ ♣P≈♣♣
♣.. ####♣♣P≈P♣##.#
#...♣♣P≈♣♣...#
#.###♣♣.≈♣.### #.#
#....# # #.# ###### #


You could see a worm and an adder.

Vanquished Creatures
  An orc priest (D:3)
  4 gnolls (D:2)
  2 adders (D:2)
  An ufetubus (D:4)
  An adder skeleton (D:4)
  A worm (D:3)
  2 dart slugs (D:2)
  4 orcs (D:3)
  4 endoplasms
  A giant cockroach (D:3)
  3 goblins
  9 hobgoblins
  2 quokkas
  8 ball pythons
  5 bats
  A frilled lizard (D:3)
  5 kobolds
  6 rats
60 creatures vanquished.

Vanquished Creatures (others)
  3 plants (D:3)
3 creatures vanquished.

Grand Total: 63 creatures vanquished

Notes
Turn   | Place    | Note
-------+----------+-------------------------------------------
     0 | D:1      | wafflestompin the Spriggan Enchanter began the quest for
                  | the Orb.
     0 | D:1      | Reached XP level 1. HP: 9/9 MP: 5/5
   355 | D:1      | Reached skill level 5 in Stealth
   374 | D:1      | Reached XP level 2. HP: 6/13 MP: 6/6
   377 | D:1      | Learned a level 2 spell: Ensorcelled Hibernation
  1656 | D:2      | Reached XP level 3. HP: 16/16 MP: 8/8
  1684 | D:2      | Reached skill level 6 in Stealth
  1710 | D:2      | Reached XP level 4. HP: 21/21 MP: 4/9
  2078 | D:2      | Reached skill level 7 in Stealth
  2297 | D:2      | Noticed a phantom
  3113 | D:3      | Found a blossoming altar of Fedhas.
  3382 | D:3      | Reached XP level 5. HP: 24/24 MP: 7/10
  3441 | D:3      | Found a radiant altar of Vehumet.
  4082 | D:4      | Learned a level 3 spell: Tukima's Dance
  4432 | D:4      | Slain by an adder

Illustrated notes

Levels and vault maps discovered:
D:1:      psy_arrival_basics, layout_loops_ring
D:2:      layout_basic
D:3:      layout_rooms, overflow_temple_1_default, old_standard_altar,
          serial_forest, infiniplex_forest_end_1, infiniplex_forest_corner_2,
          infiniplex_forest_clump_curved, infiniplex_forest_lined_2,
          infiniplex_forest_lined_ring, infiniplex_forest_clump_medium,
          infiniplex_forest_end_2, infiniplex_forest_clump_curved,
          infiniplex_forest_clump_C, chequers_serial_rivers_small_a,
          minmay_cupped
D:4:      layout_loops_ring, minmay_temple_entry_overgrown, serial_bayou,
          serial_bayou_crossing, serial_bayou_pond_b, serial_bayou_shore_b,
          serial_bayou_lagoon_a, serial_bayou_shore_a, serial_bayou_pond_d

Skill      XL: |  1  2  3  4 |
---------------+-------------+-----
Stealth        | 5 6 7 |  7.7
Hexes          | 4 |  4.0
Spellcasting   | 3 |  3.0
Short Blades   | 2 |  2.5
Dodging        | |  2.9
Ice Magic      | |  0.2

Action                   |  1- 3 |  4- 6 || total
-------------------------+-------+-------++-------
Melee: Dagger            |    71 |    90 ||   161
Throw: Dart              |     3 |    14 ||    17
 Cast: Ensorcelled Hiber |    10 |    20 ||    30
       Corona            |       |     1 ||     1
  Use: Scroll            |       |     1 ||     1
 Stab: Sleeping          |    18 |    18 ||    36
Armor: Robe              |     6 |     6 ||    12
Dodge: Dodged            |    70 |    60 ||   130

Table legend: (Time is in decaauts)
 A = Elapsed time spent in this place.
 B = Non-inter-level travel time spent in this place.
 C = Inter-level travel time spent in this place.
 D = Time resting spent in this place.
 E = Time spent auto-exploring this place.
 F = Levels seen in this place.
 G = Mean time per level.
                   A        B        C        D        E       F      G
               +--------+--------+--------+--------+--------+-----+--------+
         Total |   3381 |   3330 |     51 |    692 |   1884 |   4 |  845.2 |
       Dungeon |   3381 |   3330 |     51 |    692 |   1884 |   4 |  845.2 |
               +--------+--------+--------+--------+--------+-----+--------+

Top non-repeatable levels by time:
     D:1: 1451 daAuts
     D:2: 825 daAuts
     D:3: 787 daAuts
     D:4: 317 daAuts
